 Dungeon Crawl Stone Soup version 0.27-a0-417-g317cea8a3c (webtiles) character file.

Game seed: 13575172568813118299

63 rageheart7 the Sneak (level 3, 0/29 HPs)
             Began as a Demonspawn Delver on Feb 25, 2021.
             Succumbed to an adder's poison
             ... on level 4 of the Dungeon.
             The game lasted 00:01:41 (429 turns).

rageheart7 the Sneak (Demonspawn Delver)             Turns: 429, Time: 00:01:42

Health: 0/29       AC:  5    Str: 19    XL:     3   Next: 89%
Magic:  3/3        EV: 11    Int: 11    God:
Gold:   30         SH:  0    Dex: 14    Spells: 2/2 levels left

rFire    . . .     SeeInvis .   a - +0 hand axe
rCold    . . .     Faith    .   (no shield)
rNeg     . . .     Spirit   .   l - +0 ring mail
rPois    .         Reflect  .   (no helmet)
rElec    .         Harm     .   (no cloak)
rCorr    +         Rampage  .   (no gloves)
Will     .....                  (no boots)
Stlth    ++........             (no amulet)
HPRegen  0.09/turn              j - +6 ring of strength
MPRegen  0.08/turn              h - ring of resist corrosion

@: lethally poisoned (0 -> -6)
A: talons 1, powered by pain 1
a: no special abilities


You were on level 4 of the Dungeon.
You visited 1 branch of the dungeon, and saw 2 of its levels.

You collected 30 gold pieces.

Inventory:

Hand Weapons
 a - a +0 hand axe (weapon)
Armour
 b - a +0 leather armour
 l - a +0 ring mail (worn)
Jewellery
 h - a ring of resist corrosion (right hand)
 j - a +6 ring of strength (left hand)
Wands
 g - a wand of digging (3)
Scrolls
 c - a scroll of fog
 d - a scroll of magic mapping
 e - a scroll of fear
 k - 2 scrolls of identify {unknown}
Potions
 f - a potion of haste
 i - a potion of curing {unknown}


   Skills:
 + Level 3.3 Fighting
 + Level 2.3 Axes
 + Level 0.2 Armour
 + Level 2.0 Dodging
 + Level 5.3 Stealth


You had 2 spell levels left.
You didn't know any spells.
Your spell library was empty.

Dungeon Overview and Level Annotations

Branches:
Dungeon (5/15)
 Temple: D:4-7

Altars:


Innate Abilities, Weirdness & Mutations

You have sharp toenails.
You sometimes gain a little power by taking damage.


Message History

A leopard gecko comes into view.
Found a brass wand.
A sky beast comes into view.
The leopard gecko hisses angrily.
Found a stone staircase leading up.
A giant cockroach comes into view.
The worker ant waves its antennae.
You closely miss the giant cockroach. Your kick misses the giant cockroach.
You barely miss the scorpion. The giant cockroach bites you.
The scorpion closely misses you.
You hit the giant cockroach.
You kill the giant cockroach!
You hit the scorpion but do no damage. You hit the ogre.
The scorpion stings you. The ogre hits you with a +0 giant club!
* * * LOW HITPOINT WARNING * * *
Found 15 arrows.
The sky beast hits you but does no damage.
There is a stone staircase leading up here.
There are no items here.
The scorpion barely misses you. The sky beast closely misses you.
You climb upwards.
An adder comes into view.
Found five items.
Found a stone staircase leading up.
There is a stone staircase leading down here.
An orc comes into view. It is wielding a +0 trident.
The scorpion misses you.
Found a scroll of magic mapping and 14 stones.
Found 2 scrolls labelled ANNODE TIZ JUOSCH.
You see here a +0 dagger.
You see here 2 scrolls labelled ANNODE TIZ JUOSCH.
The scorpion stings you but does no damage.
The sky beast flickers out of sight!
Deactivating autopickup; reactivate with Ctrl-A.
The adder hisses angrily.
The adder bites you.
* * * LOW HITPOINT WARNING * * *
You are lethally poisoned!
The adder poisons you! The scorpion closely misses you.
The adder closely misses you.
You die...

#.# #.# ##.?# #.#
##...# ####.###..#
....?#>.########
######..o...........
.....<....?...#####
.........S?##).###
.......@.s..?....#
...?.....{####.......
..........# ##.###.
..........# .#
....(.....# #
.###.####.# ... #.#
... ..#


You could see a scorpion, an adder and an orc.

Vanquished Creatures
  2 centaur skeletons (D:5)
  An orc (D:5)
  A giant cockroach (D:5)
  4 jackals (D:5)
8 creatures vanquished.

Notes
Turn   | Place    | Note
-------+----------+-------------------------------------------
     0 | D:5      | rageheart7 the Demonspawn Delver began the quest for the
                  | Orb.
     0 | D:5      | Reached XP level 1. HP: 18/18 MP: 1/1
    58 | D:5      | Reached skill level 5 in Stealth
    58 | D:5      | Gained mutation: You have sharp toenails. [demonic
                  | ancestry]
    58 | D:5      | Reached XP level 2. HP: 6/24 MP: 2/2
    62 | D:5      | Gained mutation: You sometimes gain a little power by
                  | taking damage. [demonic ancestry]
    62 | D:5      | Reached XP level 3. HP: 7/29 MP: 3/3
   353 | D:5      | Noticed a scorpion
   381 | D:5      | Noticed a centaur
   397 | D:5      | Noticed an ogre
   402 | D:5      | Noticed a necrophage
   407 | D:5      | Noticed a sky beast
   415 | D:5      | HP: 1/29 [ogre/+0 giant club (10)]
   428 | D:4      | HP: 1/29 [adder (1)]
   429 | D:4      | Succumbed to an adder's poison

Illustrated notes

Levels and vault maps discovered:
D:4:      layout_rooms, kennysheep_little_box, cheibrodos_ashenzari_chains
D:5:      layout_basic, serial_shops, nicolae_shop_statue_plus,
          gammafunk_ghost_cemetery

Skill      XL: |  1  2  3 |
---------------+----------+-----
Axes           | 2 |  2.3
Stealth        | 5 |  5.3
Dodging        | 2 |  2.0
Fighting       | |  3.3
Armour         | |  0.2

Action                   || total
-------------------------++-------
Melee: Hand axe          ||    33
       Kick              ||     8
 Stab: Sleeping          ||     3
Armor: Leather armour    ||     3
       Ring mail         ||    13
Dodge: Dodged            ||    33

Table legend: (Time is in decaauts)
 A = Elapsed time spent in this place.
 B = Non-inter-level travel time spent in this place.
 C = Inter-level travel time spent in this place.
 D = Time resting spent in this place.
 E = Time spent auto-exploring this place.
 F = Levels seen in this place.
 G = Mean time per level.
                   A        B        C        D        E       F      G
               +--------+--------+--------+--------+--------+-----+--------+
         Total |    434 |    434 |      0 |    204 |      5 |   2 |  217.0 |
       Dungeon |    434 |    434 |      0 |    204 |      5 |   2 |  217.0 |
               +--------+--------+--------+--------+--------+-----+--------+

Top non-repeatable levels by time:
     D:5: 425 daAuts
     D:4: 8 daAuts
